 Dungeon Crawl Stone Soup version 0.25-a0-734-g73332aeda9 (webtiles) character file.

Game seed: 7027779787557395684, levelgen mode: deterministic

209 Froggeryz the Ruffian (level 5, 0/46 HPs)
             Began as a Minotaur Enchanter on Apr 10, 2020.
             Was an Initiate of Okawaru.
             Succumbed to a scorpion's poison
             ... on level 4 of the Dungeon.
             The game lasted 00:03:53 (3530 turns).

Froggeryz the Ruffian (Minotaur Enchanter)          Turns: 3530, Time: 00:03:54

Health: 0/46       AC:  3    Str: 14    XL:     5   Next: 55%
Magic:  6/6        EV: 12    Int: 12    God:    Okawaru [......]
Gold:   159        SH:  0    Dex: 10    Spells: 5/6 levels left

rFire    . . .     SeeInvis .     - Unarmed
rCold    . . .     Gourm    .   (no shield)
rNeg     . . .     Faith    .   b - +0 robe
rPois    .         Spirit   .   (helmet restricted)
rElec    .         Reflect  .   v - +0 cloak (curse)
rCorr    +         Harm     .   (no gloves)
MR       .....                  (no boots)
Stlth    ++........             (no amulet)
HPRegen  0.15/turn              c - ring of resist corrosion
MPRegen  0.10/turn              (no ring)

@: lethally poisoned (0 -> -29), stab
A: retaliatory headbutt, horns 2
a: Renounce Religion


You were on level 4 of the Dungeon.
You worshipped Okawaru.
Okawaru was noncommittal.
You were not hungry.

You visited 2 branches of the dungeon, and saw 5 of its levels.

You collected 159 gold pieces.

Inventory:

Hand Weapons
 u - a +3 quarterstaff of chaos
Missiles
 e - 47 poisoned darts (quivered)
Armour
 b - a +0 robe (worn)
 v - a cursed +0 cloak (worn)
Jewellery
 c - a ring of resist corrosion (left hand)
 g - an uncursed ring of positive energy
 p - an uncursed ring of ice {unknown}
Scrolls
 a - 4 scrolls of identify {unknown}
 f - 2 scrolls of teleportation {unknown}
 h - a scroll of remove curse {unknown}
 j - 2 scrolls of fear {unknown}
 l - a scroll of fog {unknown}
 r - 2 scrolls of magic mapping {unknown}
Potions
 i - 2 potions of berserk rage {unknown}
 k - 2 potions of brilliance {unknown}
 m - a potion of magic {unknown}
 n - a potion of mutation {unknown}
 o - 2 potions of lignification {unknown}
 q - a potion of degeneration {unknown}
 s - a potion of stabbing
Comestibles
 d - 5 rations


   Skills:
 + Level 3.7 Fighting
   Level 1.1 Short Blades
 - Level 2.2 Dodging
 - Level 2.4 Stealth
 * Level 4.6 Unarmed Combat
 - Level 1.3 Spellcasting
 - Level 2.0 Hexes


You had 5 spell levels left.
You knew the following spells:

 Your Spells              Type           Power        Failure   Level  Hunger
a - Corona                Hex            #......      13%         1    ##.....

Your spell library contained the following spells:

 Spells                   Type           Power        Failure   Level  Hunger
 Magic Dart               Conj           #...         28%         1    ##.....
 Ensorcelled Hibernation  Hex/Ice        #.....       28%         2    ###....
 Confusing Touch          Hex            #.......     36%         3    ####...
 Tukima's Dance           Hex            #.......     36%         3    ####...
 Searing Ray              Conj           #.....       41%         2    ###....
 Dazzling Flash           Conj/Hex       #.....       50%         3    ####...
 Fulminant Prism          Conj/Hex       #.........   88%         4    #####..
 Iskenderun's Mystic Bla  Conj/Tloc      #.......     96%         4    #####..


Dungeon Overview and Level Annotations

Branches:
Dungeon (4/15)             Temple (1/1) D:4

Altars:
Ashenzari
Cheibriados
Dithmenos
Elyvilon
Gozag
Kikubaaqudgha
Makhleb
Nemelex Xobeh
Okawaru
Ru
Sif Muna
Trog
Wu Jian
Xom
Yredelemnul

Annotations:
D:4 exclusions: gnoll shaman and 1 more exclusion, Dowan, Duvessa


Innate Abilities, Weirdness & Mutations

You reflexively headbutt those who attack you in melee.
You have a pair of horns on your head.


Message History

You are too injured to fight recklessly!
You hit the scorpion.
The scorpion is heavily wounded.
The scorpion stings you!
You closely miss the scorpion. Your headbutt misses the scorpion.
The scorpion is heavily wounded.
You feel sick. The scorpion stings you.
* * * LOW HITPOINT WARNING * * *
You are lethally poisoned!
The scorpion poisons you!
You completely miss the scorpion.
The scorpion is heavily wounded.
* * * LOW HITPOINT WARNING * * *
You feel sick. The scorpion stings you.
* * * LOW HITPOINT WARNING * * *
You are more poisoned.
The scorpion poisons you!
It was a potion of stabbing.
You feel ready to backstab.
You die...

........####
......................
......................
...........<..........
.................... .
.P.P............... ...
##.##..............
....P#...#P.........####
.......@............#
....P#.s.#P.........#
... .##.##..........# .
..P.P...........#
........>.......#
..................#
..................#
###################


You could see a scorpion.

Vanquished Creatures
  Crazy Yiuf (D:3)
  Jessica (D:2)
  4 gnolls
  3 adders (D:2)
  An ooze (D:1)
  A worm (D:2)
  2 dart slugs (D:3)
  3 leopard geckos
  6 orcs (D:3)
  7 bats
  3 giant cockroaches
  8 hobgoblins
  3 jackals (D:2)
  6 kobolds
  A quokka (D:2)
  3 ball pythons
  4 frilled lizards
  9 goblins
  6 rats
72 creatures vanquished.

Notes
Turn   | Place    | Note
-------+----------+-------------------------------------------
     0 | D:1      | Froggeryz the Minotaur Enchanter began the quest for the
                  | Orb.
     0 | D:1      | Reached XP level 1. HP: 14/14 MP: 1/1
    96 | D:1      | Reached skill level 1 in Fighting
   127 | D:1      | Reached skill level 1 in Unarmed Combat
   127 | D:1      | Reached XP level 2. HP: 14/23 MP: 3/3
  1048 | D:2      | Noticed Jessica
  1056 | D:2      | Killed Jessica
  1056 | D:2      | Reached skill level 2 in Unarmed Combat
  1056 | D:2      | Reached XP level 3. HP: 29/30 MP: 4/4
  1084 | D:2      | Found a faded altar of an unknown god.
  1348 | D:2      | Reached skill level 3 in Unarmed Combat
  1348 | D:2      | Reached XP level 4. HP: 37/37 MP: 5/5
  2274 | D:3      | Reached skill level 4 in Unarmed Combat
  2284 | D:3      | Reached XP level 5. HP: 20/45 MP: 6/6
  2491 | D:3      | Found a runed translucent door.
  2492 | D:3      | Noticed Crazy Yiuf
  3235 | D:3      | Killed Crazy Yiuf
  3298 | D:4      | Noticed Duvessa
  3298 | D:4      | Noticed Dowan
  3382 | D:4      | Found a staircase to the Ecumenical Temple.
  3388 | Temple   | Entered the Ecumenical Temple
  3489 | Temple   | Became a worshipper of Warmaster Okawaru
  3530 | D:4      | Succumbed to a scorpion's poison

Levels and vault maps discovered:
D:1:      mushboom_english_gardens, layout_loops_ring, st_stairs_3,
          chequers_serial_rivers_micro_e
D:2:      layout_loops_ring, chequers_ecumenical_altar_lobes, uniq_jessica
D:3:      layout_basic, uniq_crazy_yiuf_cottage
D:4:      minmay_spotlight, layout_basic, minmay_temple_entry_gardened_gates,
          uniq_ijyb, uniq_duvessa, uniq_natasha
Temple:   kilobyte_greek_temple

Skill      XL: |  1  2  3  4 |
---------------+-------------+-----
Fighting       | 1 2 3 |  3.7
Unarmed Combat | 1 2 3 4 |  4.6
Short Blades   | |  1.1
Dodging        | |  2.2
Stealth        | |  2.4
Spellcasting   | |  1.3
Hexes          | |  2.0

Action                   |  1- 3 |  4- 6 || total
-------------------------+-------+-------++-------
Melee: Unarmed           |    74 |   125 ||   199
       Dagger            |     4 |       ||     4
       Headbutt          |     7 |    28 ||    35
  Use: Potion            |       |     1 ||     1
 Stab: Sleeping          |     4 |     5 ||     9
  Eat: Chunk             |     1 |     7 ||     8
Armor: Robe              |    21 |    14 ||    35
Dodge: Dodged            |    65 |    75 ||   140

Table legend:
 A = Non-vault XP
 B = Vault XP
 C = Vault XP percentage of total XP
 D = Non-vault monster count
 E = Vault monster count
 F = Vault count percentage of total count
                 A         B        C        D         E       F
            +---------+---------+-------+---------+---------+-------
      Total |     217 |      82 |  27.4 |      68 |       4 |   5.6
            +---------+---------+-------+---------+---------+-------
        D:1 |      28 |       5 |  15.2 |      14 |       2 |  12.5
        D:2 |      96 |      37 |  27.8 |      29 |       1 |   3.3
        D:3 |      93 |      40 |  30.1 |      25 |       1 |   3.8
            +---------+---------+-------+---------+---------+-------
